 Dungeon Crawl Stone Soup version 0.21-a0-113-g6841d05 (webtiles) character file.

52 Leszczynek the Changer (level 3, 13/33 HPs)
             Began as an Ogre Transmuter on July 13, 2017.
             Quit the game on level 3 of the Dungeon.
             The game lasted 00:05:50 (1035 turns).

Leszczynek the Changer (Ogre Transmuter)            Turns: 1035, Time: 00:05:51

Health: 13/33      AC:  3    Str: 14    XL:     3   Next: 85%
Magic:  6/6        EV: 10    Int: 15    God:
Gold:   62         SH:  0    Dex:  9    Spells: 0/6 levels left

rFire    . . .     SeeInvis .   a - +0 whip
rCold    . . .     Gourm    .   (no shield)
rNeg     . . .     Faith    .   b - +0 robe
rPois    .         Spirit   .   (helmet restricted)
rElec    .         Reflect  .   (no cloak)
rCorr    .         Harm     .   (gloves unavailable)
MR       .....                  (boots unavailable)
Stlth    +.........             j - amulet of inaccuracy (curse)
HPRegen  0.11/turn              (no ring)
MPRegen  0.10/turn              (no ring)

@: no status effects
A: unfitting armour, tough skin 1
a: no special abilities


You were on level 3 of the Dungeon.
You were not hungry.

You visited 1 branch of the dungeon, and saw 3 of its levels.

You collected 62 gold pieces.

Inventory:

Hand Weapons
 a - a +0 whip (weapon)
Missiles
 i - 7 arrows
Armour
 b - a +0 robe (worn)
Jewellery
 j - a cursed amulet of inaccuracy (around neck)
Scrolls
 e - a scroll of teleportation
Potions
 k - a potion of brilliance {unknown}
Books
 c - a book of Changes

   Spells                             Type                      Level
   a - Beastly Appendage              Transmutation                1
   b - Sticks to Snakes               Transmutation                2
   c - Spider Form                    Transmutation/Poison         3
   d - Ice Form                       Ice/Transmutation            4
   e - Blade Hands                    Transmutation                5
Comestibles
 d - a bread ration
 f - a royal jelly
 g - a meat ration
 h - 2 chunks of flesh
 l - a fruit


   Skills:
 - Level 1.3 Fighting
 - Level 1.7 Dodging
 - Level 2.6 Unarmed Combat
 - Level 2.4 Spellcasting
 - Level 3.1 Transmutations
 + Level 1.5 Poison Magic


You couldn't memorise any spells.
You knew the following spells:

 Your Spells              Type           Power        Failure   Level  Hunger
a - Beastly Appendage     Tmut           ##....       6%          1    #......
b - Sticks to Snakes      Tmut           ##......     9%          2    ###....
c - Spider Form           Tmut/Pois      #.........   24%         3    ###....


Dungeon Overview and Level Annotations

Branches:
Dungeon (3/15)

Altars:
Dithmenos
Elyvilon

Annotations:
D:3 Sigmund


Innate Abilities, Weirdness & Mutations

You are too large for most types of armour.
You have tough skin. (AC +1)


Message History

You barely miss the rat. You headbutt the rat.
You kill the rat!
Your horns disappear.
Your ball python withers and dies!
Unknown command.
Found 9 gold pieces.
A leopard gecko and a kobold come into view.
The kobold shouts!
A worm comes into view.
You hit the kobold.
The kobold is moderately wounded.
The kobold hits you with a dagger.
You closely miss the kobold.
The kobold is moderately wounded.
The kobold hits you but does no damage.
You closely miss the kobold.
The kobold is moderately wounded.
The kobold barely misses you.
Sigmund the Dreaded comes into view.
He is wielding a scythe of venom.
Are you sure you want to abandon this character and quit the game? (Confirm with "yes".)

...#..# #. #.$...# ...
.....####..l ...........
..........
############......... ♣#♣#
#.......@K...........
....##...P♣♣.P..#.........
♣.♣...P....♣♣.......@.....
.........PP.♣.............
#####......♣P............
#.).PP.♣.............
#.P♣.♣♣♣......w........
..##.♣.♣P..#....(........
......P...P..........w....


You could see Sigmund (wandering), a worm and a kobold.

Vanquished Creatures
  2 adders
  A dart slug (D:1)
  4 goblins (D:1)
  4 hobgoblins
  7 jackals
  A kobold (D:1)
  A ball python (D:1)
  2 bats (D:1)
  A frilled lizard (D:1)
  6 rats
29 creatures vanquished.

Vanquished Creatures (collateral kills)
  An adder (D:3)
  A bat (D:2)
  A kobold (D:3)
  A rat (D:2)
4 creatures vanquished.

Grand Total: 33 creatures vanquished

Notes
Turn   | Place    | Note
-------+----------+-------------------------------------------
     0 | D:1      | Leszczynek the Ogre Transmuter began the quest for the Orb.
     0 | D:1      | Reached XP level 1. HP: 19/19 MP: 3/3
     0 | D:1      | seems like going for transmutations to make spider form castable first is a priority better than pumping UC up
    78 | D:2      | Reached skill level 2 in Transmutations
    86 | D:2      | Found a shadowy altar of Dithmenos.
   281 | D:1      | Reached XP level 2. HP: 18/27 MP: 3/5
   394 | D:1      | Learned a level 2 spell: Sticks to Snakes
   522 | D:1      | Reached skill level 3 in Transmutations
   558 | D:1      | Reached XP level 3. HP: 8/33 MP: 6/6
   559 | D:1      | literally no stairs anywhere
   563 | D:1      | Learned a level 3 spell: Spider Form
   792 | D:2      | Reached skill level 1 in Poison Magic
   911 | D:2      | Found a white marble altar of Elyvilon.
  1035 | D:3      | Noticed Sigmund
  1035 | D:3      | Quit the game

Vault maps used:
D:1:      tarquinn_simple_flora_water_a
D:2:      old_standard_altar, nicolae_dithmenos_through_a_glass_darkly,
          nicolae_overflow_crystal_walls, xom_teletrap_fun
D:3:      lemuel_doored_altar, serial_forest, infiniplex_forest_lined_room_2,
          infiniplex_forest_straight_3, infiniplex_forest_clump_large,
          infiniplex_forest_straight_5, infiniplex_forest_lined_1,
          infiniplex_forest_clump_C, infiniplex_forest_lined_corner,
          infiniplex_forest_lined_1, grunt_qazlal_clouds, uniq_sigmund,
          uniq_grinder

Skill      XL: |  1  2  3 |
---------------+----------+-----
Transmutations | 2 3 |  3.1
Poison Magic   | 1 |  1.5
Fighting       | |  1.3
Dodging        | |  1.7
Unarmed Combat | |  2.6
Spellcasting   | |  2.4

Action                   || total
-------------------------++-------
Melee: Unarmed           ||    44
       Kick              ||    10
       Whip              ||    87
       Headbutt          ||     5
 Cast: Beastly Appendage ||    18
       Sticks to Snakes  ||     5
       Spider Form       ||     1
  Use: Scroll            ||     1
 Stab: Distracted        ||     1
  Eat: Chunk             ||     2
Armor: Robe              ||    58
Dodge: Dodged            ||    62
